 Dungeon Crawl Stone Soup version 0.31-a0-145-g046c7d2549 (webtiles) character file.

Game seed: 15435044665823248604

127 qw the Shooter (level 4, -4/40 HPs)
             Began as a Minotaur Hunter on June 7, 2023.
             Slain by an orc
             ... wielding a +4 war axe
              (6 damage)
             ... on level 3 of the Dungeon.
             The game lasted 00:00:52 (1833 turns).

qw the Shooter (Minotaur Hunter)                    Turns: 1833, Time: 00:00:52

Health: -4/40      AC:  3    Str: 15    XL:     4   Next: 85%
Magic:  3/3        EV: 12    Int:  6    God:
Gold:   195        SH:  0    Dex: 16    Spells: 3/3 levels left

rFire   . . .        Y - +2 shortbow
rCold   . . .        (shield currently unavailable)
rNeg    . . .        c - +0 leather armour
rPois   .            (helmet restricted)
rElec   .            (no cloak)
rCorr   .            (no gloves)
SInv    .            (no boots)
Will    .....        (no amulet)
Stlth   +            (no ring)
HPRegen 0.26/turn    (no ring)
MPRegen 0.08/turn

%: no passive effects
@: confused
A: horns 2, retaliatory headbutt
a: no special abilities


You were on level 3 of the Dungeon.
You visited 1 branch of the dungeon, and saw 3 of its levels.

You collected 195 gold pieces.


Innate Abilities, Weirdness & Mutations

You have a pair of horns on your head.
You reflexively headbutt those who attack you in melee.


   Skills:
 - Level 4.0 Fighting
 + Level 6.2 Ranged Weapons
 - Level 2.1 Dodging
 - Level 0.7 Stealth


You had 3 spell levels left.
You didn't know any spells.
Your spell library was empty.

Inventory:

Hand Weapons
 Y - a +2 shortbow (weapon)
Armour
 c - a +0 leather armour (worn)
Scrolls
 a - a scroll of teleportation
 b - a scroll of identify
Potions
 d - a potion of curing {unknown}
 f - a potion of might {unknown}
 h - a potion of magic {unknown}

Dungeon Overview and Level Annotations

Branches:
Dungeon (3/15)

Altars:
Ashenzari


Message History

The orc is almost dead.
The orc barely misses you.
You shoot an arrow. The arrow hits the orc.
You kill the orc!
1816 ||| FLEEEEING.
1817 ||| FLEEEEING.
1818 ||| FLEEEEING.
Enter note:
Enter note:
Enter note:
Enter note:
Enter note:
Enter note:
1819 ||| FLEEEEING.
A magic dart appears from out of thin air!
The magic dart hits you.
Things that are here:
a +0 whip; 5 stones; a kobold corpse
1820 ||| FLEEEEING.
1821 ||| FLEEEEING.
You hear some strange, mumbled words.
You are confused.
Something hits you but does no damage. The orc hits you with a +4 war axe!
Something hits you. The orc closely misses you.
You hear some strange, mumbled words.
You are more confused.
An orc wizard appears from thin air!
Reactivating autopickup.
The orc barely misses you.
The orc wizard hits you with a +0 dagger.
The orc closely misses you.
The orc wizard hits you but does no damage.
The orc barely misses you.
The orc wizard hits you with a +0 dagger.
The orc barely misses you.
The orc wizard hits you but does no damage.
The orc hits you with a +4 war axe! The orc wizard misses you.
The orc hits you with a +4 war axe.
You die...

.# ## .# . .# ## .# .# ###
.################.#
..................#
.##...............#
.##.............@o##########
.################o..........
.# #o# #o.......... .# #o#
#........... .# #o#
#........... .# #o#
#.##......## #.######### #)#
..# #.# .#


You could see an orc wizard and 2 orcs.

Vanquished Creatures
  3 gnolls (D:3)
  3 adders (D:2)
  A worm (D:2)
  3 dart slugs
  An orc (D:3)
  7 endoplasms
  3 giant cockroaches
  10 goblins
  7 hobgoblins
  2 quokkas (D:1)
  5 ball pythons
  5 bats
  5 kobolds
  2 rats
57 creatures vanquished.

Notes
Turn   | Place    | Note
-------+----------+-------------------------------------------
     0 | D:1      | qw the Minotaur Hunter began the quest for the Orb.
     0 | D:1      | Reached XP level 1. HP: 18/18 MP: 0/0
     0 | D:1      | 0 ||| qw: Version: 0.2-a-117-gc6b5c8b
     0 | D:1      | 0 ||| qw: Game counter: 2511
     0 | D:1      | 0 ||| qw: Always use a shield: true
     0 | D:1      | 0 ||| qw: God list: Okawaru
     0 | D:1      | 0 ||| qw: Allow faded altars: false
     0 | D:1      | 0 ||| qw: Do Orc after D:15 true
     0 | D:1      | 0 ||| qw: Do second Lair branch before Depths: true
     0 | D:1      | 0 ||| qw: Lair rune preference: random
     0 | D:1      | 0 ||| qw: Plans: Normal
     0 | D:1      | 0 ||| PLANNING D:1-11
   103 | D:1      | Reached XP level 2. HP: 25/25 MP: 1/1
   115 | D:1      | Reached skill level 5 in Ranged Weapons
   248 | D:1      | Reached skill level 3 in Fighting
   576 | D:1      | 576 ||| READING scroll labelled CUSHIBB ALUN.
   577 | D:1      | 577 ||| READING scroll labelled UPOF VEIDDOKHIXI.
   578 | D:1      | 578 ||| READING 2 scrolls labelled KEIREX WORIP.
   579 | D:1      | 579 ||| DROPPING scroll of butterflies.
   580 | D:1      | 580 ||| DROPPING scroll of fog.
   598 | D:2      | Reached XP level 3. HP: 31/31 MP: 2/2
   606 | D:2      | Found a faded altar of an unknown god.
   651 | D:2      | 651 ||| Stepping ~*~*~tactically~*~*~ (outnumbered).
   721 | D:2      | Found a broken altar of Ashenzari.
   968 | D:2      | Reached skill level 6 in Ranged Weapons
   968 | D:2      | Reached XP level 4. HP: 35/38 MP: 3/3
  1123 | D:2      | 1123 ||| READING scroll labelled WOEHAO OTALE.
  1124 | D:2      | 1124 ||| READING scroll labelled VUSERO GEAS.
  1125 | D:2      | 1125 ||| READING scroll labelled LEMUICARUO.
  1126 | D:2      | 1126 ||| READING scroll labelled UNOTEM UFIKAE.
  1127 | D:2      | 1127 ||| READING scroll labelled CISEIN JAFIYHU.
  1129 | D:2      | 1129 ||| Stepping ~*~*~tactically~*~*~ (cloud).
  1343 | D:3      | 1343 ||| READING scroll of enchant weapon.
  1343 | D:3      | 1343 ||| ENCHANTING +1 shortbow.
  1365 | D:3      | 1365 ||| READING scroll labelled DURAYSM BOPHI.
  1367 | D:3      | 1367 ||| FLEEEEING.
  1369 | D:3      | 1369 ||| FLEEEEING.
  1795 | D:3      | 1795 ||| FLEEEEING.
  1796 | D:3      | 1796 ||| FLEEEEING.
  1797 | D:3      | 1797 ||| FLEEEEING.
  1798 | D:3      | 1798 ||| FLEEEEING.
  1799 | D:3      | 1799 ||| FLEEEEING.
  1800 | D:3      | 1800 ||| FLEEEEING.
  1816 | D:3      | 1816 ||| FLEEEEING.
  1817 | D:3      | 1817 ||| FLEEEEING.
  1818 | D:3      | 1818 ||| FLEEEEING.
  1819 | D:3      | 1819 ||| FLEEEEING.
  1820 | D:3      | 1820 ||| FLEEEEING.
  1821 | D:3      | 1821 ||| FLEEEEING.
  1828 | D:3      | HP: 10/40 [orc wizard/+0 dagger (3)]
  1832 | D:3      | HP: 2/40 [orc/+4 war axe (7)]
  1833 | D:3      | Slain by an orc

Levels and vault maps discovered:
D:1:      saegor_arrival_simple_c, layout_basic, minmay_misc_feat_alley
D:2:      layout_loops_ring, basic_altar, ebering_ecumenical_altar_ruins
D:3:      minmay_chambers_of_twos, layout_basic, serial_shops, shop,
          serial_co_window_serial, co_window_corner_a, co_window_corner_a,
          co_window_corner_a, co_window_paths_a, co_window_of_opportunity_a,
          co_window_corner_a, co_window_of_opportunity_a, co_window_broadway_a,
          co_window_corner_b, co_window_2corner, co_window_broadway_a,
          glass_columns_c, glass_columns_b, glass_columns_b, glass_columns_a,
          glass_columns_c

Skill      XL: |  1  2  3  4 |
---------------+-------------+-----
Ranged Weapons | 5 6 |  6.2
Fighting       | 3 4 |  4.0
Dodging        | |  2.1
Stealth        | |  0.7

Action                     |  1- 3 |  4- 6 || total
---------------------------+-------+-------++-------
   Fire: Shortbow          |   123 |    52 ||   175
    Use: Scroll            |     3 |     7 ||    10
 Armour: Leather armour    |    16 |     5 ||    21
  Dodge: Dodged            |    33 |    21 ||    54

Table legend:
 A = Non-vault XP
 B = Vault XP
 C = Vault XP percentage of total XP
 D = Non-vault monster count
 E = Vault monster count
 F = Vault count percentage of total count
                 A         B        C        D         E       F
            +---------+---------+-------+---------+---------+-------
      Total |     182 |       0 |   0.0 |      57 |       0 |   0.0
            +---------+---------+-------+---------+---------+-------
        D:1 |      40 |       0 |   0.0 |      21 |       0 |   0.0
        D:2 |      86 |       0 |   0.0 |      27 |       0 |   0.0
        D:3 |      56 |       0 |   0.0 |       9 |       0 |   0.0
            +---------+---------+-------+---------+---------+-------
